 Dungeon Sprint DCSS version 0.16-a0-3827-g034e2a6 (console) character file.

144 Monkaria the Carver (level 5, 0/53 HPs)
             Began as a Hill Orc Fighter on Jan 29, 2015.
             Was a Plaything of Xom.
             Slain by a hill giant
             ... wielding a +0 giant spiked club
              (15 damage)
             ... in the Dungeon (Sprint IX: "|||||||||||||||||||||||||||||").
             The game lasted 00:00:46 (161 turns).

Monkaria the Carver (Hill Orc Fighter)               Turns: 161, Time: 00:00:46

Health: 0/53       AC:  6    Str: 20    XL:     5   Next: 27%
Magic:  5/5        EV:  7    Int:  8    God:    Xom [..*...]
Gold:   0          SH:  9    Dex: 10    Spells: 0 memorised, 4 levels left

rFire  . . .     SeeInvis .     p - +2 scimitar (freeze)
rCold  . . .     Clarity  .     b - +0 scale mail
rNeg   . . .     SustAb   .     c - +0 shield
rPois  .         Gourm    .     (no helmet)
rElec  .         Spirit   .     (no cloak)
rCorr  .         Warding  .     (no gloves)
rMut   .         NoTele   +     (no boots)
MR     .....                    (no amulet)
Stlth  ..........               (no ring)
                                (no ring)

@: not resistant to hostile enchantments, extremely unstealthy
A: no striking features
a: Renounce Religion


You were in the Dungeon.
You worshipped Xom.
You were a toy of Xom.
You were not hungry.

You visited 1 branch

Inventory:

Hand weapons
 a - a +0 long sword
 p - a +2 scimitar of freezing (weapon)
Armour
 b - a +0 scale mail (worn)
 c - a +0 shield (worn)
 q - a +0 pair of gloves
 s - a +1 chain mail
Jewellery
 r - a +3 ring of intelligence
 t - a +2 ring of protection
Magical devices
 o - a wand of fire (5)
Scrolls
 k - 2 scrolls of blinking
 m - 3 scrolls of remove curse
 n - 2 scrolls of amnesia
Potions
 e - a potion of might
 f - 5 potions of curing
 g - 3 potions of heal wounds
 h - a potion of haste
 i - 4 potions of magic
 j - a potion of berserk rage
 l - a potion of invisibility
Comestibles
 d - a meat ration


   Skills:
 + Level 7.9 Fighting
 * Level 9.3 Long Blades
 - Level 3.2 Armour
 - Level 3.2 Shields


You had 4 spell levels left.
You didn't know any spells.

Dungeon Overview and Level Annotations

Branches:
Dungeon (1/1)

Altars:
Cheibriados
Dithmenos
Elyvilon
Fedhas
Gozag
Kikubaaqudgha
Makhleb
Nemelex Xobeh
Okawaru
Qazlal
Ru
Sif Muna
Trog
Vehumet
Xom
Yredelemnul
Zin
The Shining One
Beogh
Jiyva
Lugonu


Message History

This wand has 6 charges left.
Evoke which item? (* to show all) (? for menu, Esc to quit)
Zapping:
o - a wand of fire (6)
Press: ? - help, Shift-Dir - straight line, f/p - hungry ghost
Aim: a hungry ghost The bolt of fire hits the hill giant.
The hill giant is severely wounded.
The bolt of fire hits the ogre.
You kill the ogre!
Your Fighting skill increases to level 7!
Your Long Blades skill gained 3 levels and is now at level 9!
You have reached level 4!
You have reached level 5!
You feel stronger.
The bolt of fire hits the hungry ghost.
The hungry ghost is moderately damaged.
This wand has 5 charges left.
The hill giant hits you with a giant spiked club!
You die...
Xom giggles madly!

▓+▓
▓.▓
▓.▓
▓.▓
▓W▓
▓)▓
▓.▓
▓C▓
▓@▓
▓5▓
▓.▓
▓[▓
▓.▓
▓)▓
▓|▓
▓.▓
▓.▓


You could see a hill giant, a hungry ghost and a crimson imp.

Vanquished Creatures
  An ogre (D)
  A killer bee (D)
  A giant gecko (D)
  A bat skeleton (D)
  2 goblins (D)
  A hobgoblin (D)
  A ball python skeleton (D)
  3 bats (D)
  A giant cockroach zombie (D)
  A giant newt (D)
13 creatures vanquished.

Notes
Turn   | Place    | Note
--------------------------------------------------------------
     0 | D        | Monkaria, the Hill Orc Fighter, began the quest for the Orb.
     0 | D        | Reached XP level 1. HP: 19/19 MP: 1/1
    20 | D        | Reached skill level 4 in Fighting
    94 | D        | Reached XP level 2. HP: 28/28 MP: 2/2
   108 | D        | Found a glowing silver altar of Zin.
   108 | D        | Found a glowing golden altar of the Shining One.
   108 | D        | Found an ancient bone altar of Kikubaaqudgha.
   108 | D        | Found a basalt altar of Yredelemnul.
   108 | D        | Found a shimmering altar of Xom.
   108 | D        | Found a radiant altar of Vehumet.
   108 | D        | Found an iron altar of Okawaru.
   109 | D        | Found a burning altar of Makhleb.
   110 | D        | Found a deep blue altar of Sif Muna.
   111 | D        | Found a bloodstained altar of Trog.
   112 | D        | Found a sparkling altar of Nemelex Xobeh.
   113 | D        | Found a white marble altar of Elyvilon.
   114 | D        | Found a roughly hewn altar of Beogh.
   115 | D        | Became a worshipper of Xom of Enforced Whimsey
   116 | D        | Found a viscous altar of Jiyva.
   117 | D        | Found a corrupted altar of Lugonu.
   118 | D        | Found a blossoming altar of Fedhas.
   119 | D        | Found a snail-covered altar of Cheibriados.
   120 | D        | Found a shadowy altar of Dithmenos.
   121 | D        | Found a stormy altar of Qazlal.
   122 | D        | Found an opulent altar of Gozag.
   123 | D        | Found a sacrificial altar of Ru.
   154 | D        | Noticed a hungry ghost
   154 | D        | Noticed an ogre
   154 | D        | Noticed a killer bee
   154 | D        | Noticed a hill giant
   154 | D        | Noticed a crimson imp
   160 | D        | Killed a killer bee
   160 | D        | Reached skill level 6 in Fighting
   160 | D        | Reached XP level 3. HP: 12/37 MP: 3/3
   161 | D        | Killed an ogre
   161 | D        | Reached skill level 7 in Fighting
   161 | D        | Reached skill level 9 in Long Blades
   161 | D        | Reached XP level 4. HP: 14/48 MP: 4/4
   161 | D        | Reached XP level 5. HP: 15/53 MP: 5/5
   161 | D        | Slain by a hill giant

Action                   |  1- 3 |  4- 6 || total
-------------------------+-------+-------++-------
Melee: Long sword        |    35 |       ||    35
       Scimitar          |     5 |       ||     5
Evoke: Wand              |     1 |     1 ||     2
